 Dungeon Crawl Stone Soup version 0.29-a0-648-g6b26cc9 (webtiles) character file.

Game seed: 3835659365341377101

4 Dawnplanks the Bolt Thrower (level 1, 9/16 HPs)
             Began as a Demonspawn Hunter on June 20, 2022.
             Quit the game on level 1 of the Dungeon.
             The game lasted 00:00:14 (118 turns).

Dawnplanks the Bolt Thrower (Demonspawn Hunter)      Turns: 118, Time: 00:00:15

Health: 9/16       AC:  3    Str: 11    XL:     1   Next: 50%
Magic:  1/1        EV: 11    Int: 10    God:
Gold:   0          SH:  0    Dex: 16    Spells: 0/0 levels left

rFire   . . .      SeeInvis .   a - +1 hand crossbow
rCold   . . .      Faith    .   (no shield)
rNeg    . . .      Spirit   .   b - +0 leather armour
rPois   .          Reflect  .   (no helmet)
rElec   .          Harm     .   (no cloak)
rCorr   .          Rampage  .   (no gloves)
Will    .....                   (no boots)
Stlth   +.........              (no amulet)
HPRegen 0.05/turn               (no ring)
MPRegen 0.07/turn               (no ring)

@: no status effects
A: no striking features
a: no special abilities


You were on level 1 of the Dungeon.
You visited 1 branch of the dungeon, and saw 1 of its levels.

Inventory:

Hand Weapons
 a - a +1 hand crossbow (weapon)
Armour
 b - a +0 leather armour (worn)
Scrolls
 c - a scroll of immolation


   Skills:
 + Level 2.0 Fighting
 * Level 3.8 Crossbows
 + Level 1.7 Dodging
 - Level 0.8 Stealth


You couldn't memorise any spells.
You didn't know any spells.
Your spell library was empty.

Dungeon Overview and Level Annotations

Branches:
Dungeon (1/15)

Altars:


Message History

You shoot a bolt. The bolt hits the hobgoblin!
You kill the hobgoblin!
No target in view!
No target in view!
A ball python is nearby!
A ball python is nearby!
You shoot a bolt. The bolt hits the ball python.
The ball python is moderately wounded.
You shoot a bolt. The bolt hits the ball python.
The ball python is severely wounded.
You shoot a bolt.
The bolt hits the ball python but does no damage.
The ball python is severely wounded.
The ball python bites you. The ball python grabs you.
The ball python constricts you.
You shoot a bolt.
The bolt closely misses the ball python.
The ball python bites you but does no damage.
The ball python constricts you.
The ball python bites you but does no damage.
The ball python constricts you.
You shoot a bolt.
The bolt closely misses the ball python.
The ball python bites you but does no damage.
The ball python constricts you.
The ball python bites you but does no damage.
The ball python constricts you.
You shoot a bolt.
The bolt closely misses the ball python.
The ball python bites you. The ball python constricts you.
You shoot a bolt.
The bolt closely misses the ball python.
The ball python barely misses you. The ball python constricts you.
The ball python bites you but does no damage.
The ball python constricts you.
You shoot a bolt. The bolt hits the ball python.
You kill the ball python!
No target in view!
No target in view!
Are you sure you want to abandon this character and quit the game? (Confirm with "yes".)

........ ........† # #
#......... ...#.
#....#.#.#.
##..#.##.........
.................
#.#......?...#?#
..........@.....#.#. ..
.................(..
#..##.#..#.##.#..#.#.#
#......................
#...#.#..#.#..#.##.#.#.
####.....#..............
.........#..#.#....##.....
..............#...........
..........................


There were no monsters in sight!

Vanquished Creatures
  A ball python (D:1)
  A hobgoblin (D:1)
  A kobold (D:1)
3 creatures vanquished.

Notes
Turn   | Place    | Note
-------+----------+-------------------------------------------
     0 | D:1      | Dawnplanks the Demonspawn Hunter began the quest for the
                  | Orb.
     0 | D:1      | Reached XP level 1. HP: 16/16 MP: 1/1
   118 | D:1      | Quit the game

Illustrated notes

Levels and vault maps discovered:
D:1:      dpeg_arrival_erosion, layout_basic

Action                   || total
-------------------------++-------
 Fire: Hand crossbow     ||    10
Armor: Leather armour    ||     5
Dodge: Dodged            ||     1

Table legend: (Time is in decaauts)
 A = Elapsed time spent in this place.
 B = Non-inter-level travel time spent in this place.
 C = Inter-level travel time spent in this place.
 D = Time resting spent in this place.
 E = Time spent auto-exploring this place.
 F = Levels seen in this place.
 G = Mean time per level.
                   A        B        C        D        E       F      G
               +--------+--------+--------+--------+--------+-----+--------+
         Total |    121 |    121 |      0 |      0 |    103 |   1 |  121.0 |
       Dungeon |    121 |    121 |      0 |      0 |    103 |   1 |  121.0 |
               +--------+--------+--------+--------+--------+-----+--------+

Top non-repeatable levels by time:
     D:1: 121 daAuts
